 Dungeon Crawl Stone Soup version 0.13.0-7-g3df9ff1 (webtiles) character file.

292 Lilouch the Covered (level 5, 0/41 HPs)
             Began as a Demonspawn Fighter on Oct 16, 2013.
             Slain by an orc priest (2 damage)
             ... on Level 3 of the Dungeon.
             The game lasted 00:10:39 (2282 turns).

Lilouch the Covered (Demonspawn Fighter)            Turns: 2282, Time: 00:10:40

HP   0/41        AC 11     Str 17      XL: 5   Next: 14%
MP   4/4         EV  4     Int 10      God:
Gold 137         SH 18     Dex 12      Spells:  0 memorised,  4 levels left

Res.Fire  : . . .   See Invis. : .   v - +0 flail
Res.Cold  : . . .   Warding    : .   r - +0 chain mail
Life Prot.: . . .   Conserve   : .   c - +0 shield
Res.Poison: .       Res.Corr.  : .   (no helmet)
Res.Elec. : .       Clarity    : .   l - +1 dwarf cloak
Sust.Abil.: . .     Spirit.Shd : .   (no gloves)
Res.Mut.  : .       Stasis     : .   (no boots)
Res.Rott. : .       Flight     : .   (no amulet)
Saprovore : . . .                    (no ring)
                                     (no ring)

@: slightly resistant to hostile enchantments, extremely unstealthy
A: hooves 2, spiny 1
a: no special abilities


You were on level 3 of the Dungeon.
You were not hungry.

You visited 1 branch of the dungeon, and saw 3 of its levels.

You collected 117 gold pieces.

Inventory:

Hand weapons
 v - a +0,+0 flail (weapon)
Missiles
 e - 32 stones (quivered)
 f - 3 darts
Armour
 b - a +0 scale mail
 c - a +0 shield (worn)
 k - a +2 buckler
 l - a +1 dwarven cloak (worn)
 o - a +2 ring mail of cold resistance
 r - a +0 chain mail (worn)
Magical devices
 z - a wand of draining (3) {unknown}
 B - a wand of magic darts (16) {unknown}
Comestibles
 d - 3 bread rations
 t - an apple
 u - a beef jerky
 C - a chunk of orc flesh
Scrolls
 i - 3 scrolls of remove curse {unknown}
 j - a scroll of curse armour {unknown}
 n - 2 scrolls of teleportation {unknown}
 p - 2 scrolls of identify {unknown}
 s - 2 scrolls of enchant armour {unknown}
 x - a scroll of amnesia {unknown}
 y - a scroll of magic mapping {unknown}
 A - a scroll of fog {unknown}
Potions
 a - 2 potions of agility {unknown}
 g - 3 potions of might {unknown}
 h - 3 potions of curing {unknown}
 m - a potion of slowing {unknown}
 q - a potion of cure mutation {unknown}
 w - a potion of restore abilities {unknown}
 D - 2 potions of berserk rage {unknown}
Books
 E - a book of Dreams

   Spells                             Type                      Level
   Ensorcelled Hibernation            Hexes/Ice                    2
   Flight                             Charms/Air                   3
   Phase Shift                        Translocation                5
   Shadow Creatures                   Summoning                    5
   Mass Confusion                     Hexes                        6
   Darkness                           Hexes                        7


   Skills:
 - Level 3.0 Fighting
 * Level 3.4 Maces & Flails
 + Level 3.7 Armour
 + Level 3.4 Shields


You had 4 spell levels left.
You didn't know any spells.

Dungeon Overview and Level Annotations

Branches:
Dungeon (3/27)

Altars:


Innate Abilities, Weirdness & Mutations

You have hoof-like feet.
You are partially covered in sharp spines.


Message History

You block the orc's attack.
The orc priest hits you but does no damage.
The orc hits you but does no damage.
You sock the orc priest!
The orc priest is severely wounded.
The orc priest mumbles some strange prayers to Beogh against you.
Something smites you!
* * * LOW HITPOINT WARNING * * *
The orc barely misses you.
You hit the orc priest.
The orc priest is severely wounded.
The orc priest hits you.
* * * LOW HITPOINT WARNING * * *
You block the orc's attack. The orc priest hits you.
* * * LOW HITPOINT WARNING * * *
You hit the orc priest but do no damage.
Your kick misses the orc priest.
The orc priest is severely wounded.
The orc barely misses you. The orc priest hits you.
You die...

#........# #...#
#........# #...#
#........# #...#
#........######...#
#.................#
#.................#
#.................#
#........######...#
#.@####..# #...#
#oo# #..# #...#
....# #..# #....
......# #..# #...#
..###...# #..#
#...# #...# #..#
#...# #...# #..#
#...# #...#
#).######...# ..#
#...........#


You could see an orc priest and an orc.

Vanquished Creatures
  4 gnolls (D:2)
  5 adders
  5 giant geckos
  3 oozes (D:1)
  6 orcs (D:3)
  2 ball pythons
  5 goblins
  4 hobgoblins
  7 bats
  2 giant cockroaches (D:2)
  2 giant newts
  3 jackals
  8 kobolds
  9 rats
65 creatures vanquished.

Notes
Turn   | Place    | Note
--------------------------------------------------------------
     0 | D:1      | Lilouch, the Demonspawn Fighter, began the quest for the Orb.
     0 | D:1      | Reached XP level 1. HP: 18/18 MP: 0/0
   135 | D:1      | Gained mutation: You have large cloven feet. [demonic ancestry]
   135 | D:1      | Reached XP level 2. HP: 20/24 MP: 1/1
   439 | D:1      | Gained mutation: You have hoof-like feet. [demonic ancestry]
   439 | D:1      | Reached XP level 3. HP: 22/30 MP: 2/2
  1395 | D:2      | Gained mutation: You are partially covered in sharp spines. [demonic ancestry]
  1395 | D:2      | Reached XP level 4. HP: 36/36 MP: 3/3
  2124 | D:3      | Reached XP level 5. HP: 35/41 MP: 4/4
  2281 | D:3      | HP: 2/41 [orc priest (2)]
  2282 | D:3      | Slain by an orc priest

Action                   |  1- 3 |  4- 6 || total
-------------------------+-------+-------++-------
Melee: Mace              |   129 |    20 ||   149
       Flail             |       |    49 ||    49
